 Dungeon Crawl Stone Soup version 0.27-a0-1301-g128193abf8 (webtiles) character file.

Game seed: 10254619281121177697

124 mordus the Poker (level 4, 0/39 HPs)
             Began as a Minotaur Fighter on June 17, 2021.
             Slain by a quasit (1 damage)
             ... on level 3 of the Dungeon.
             The game lasted 00:04:35 (2575 turns).

mordus the Poker (Minotaur Fighter)                 Turns: 2575, Time: 00:04:36

Health: 0/39       AC:  7    Str: 22    XL:     4   Next: 81%
Magic:  3/3        EV:  2    Int:  5    God:
Gold:   121        SH:  0    Dex: -3 (9) Spells: 3/3 levels left

rFire    . . .     SeeInvis .   a - +0 trident
rCold    . . .     Faith    .   c - +0 kite shield
rNeg     . . .     Spirit   .   b - +0 scale mail
rPois    .         Reflect  .   (helmet restricted)
rElec    .         Harm     .   (no cloak)
rCorr    .         Rampage  .   (no gloves)
Will     .....                  (no boots)
Stlth    ..........             (no amulet)
HPRegen  0.13/turn              (no ring)
MPRegen  0.08/turn              (no ring)

@: slowed, lost dexterity, very slow
A: horns 2, retaliatory headbutt
a: no special abilities


You were on level 3 of the Dungeon.
You visited 1 branch of the dungeon, and saw 3 of its levels.

You collected 121 gold pieces.

Inventory:

Hand Weapons
 a - a +0 trident (weapon)
 u - the +2 morningstar of Juxtier {flame, rC+ Will+}
   (You found it on level 3 of the Dungeon)

   It has been specially enchanted to burn those struck by it, causing extra
   injury to most foes and up to half again as much damage against particularly
   susceptible opponents.
   It protects you from cold.
   It increases your willpower.
Missiles
 p - 8 atropa-tipped darts (quivered)
Armour
 b - a +0 scale mail (worn)
 c - a +0 kite shield (worn)
Jewellery
 r - an amulet of faith
 w - a +6 ring of dexterity
Scrolls
 e - a scroll of magic mapping {unknown}
 f - a scroll of fear {unknown}
 h - 2 scrolls of immolation {unknown}
 l - a scroll of acquirement {unknown}
 m - 3 scrolls of identify {unknown}
 n - a scroll of blinking {unknown}
 o - a scroll of silence {unknown}
 s - 2 scrolls of teleportation {unknown}
 t - a scroll of enchant armour {unknown}
Potions
 d - a potion of might
 g - a potion of ambrosia {unknown}
 i - a potion of degeneration {unknown}
 j - a potion of curing {unknown}
 k - a potion of mutation {unknown}
 q - a potion of flight {unknown}
 v - a potion of heal wounds {unknown}


   Skills:
 - Level 3.6 Fighting
 * Level 4.7 Polearms
 + Level 4.6 Armour
 + Level 4.5 Shields


You had 3 spell levels left.
You didn't know any spells.
Your spell library contained the following spells:

 Spells                   Type           Power      Damage    Failure   Level
 Animate Skeleton         Necr           0%         N/A       99%         1
 Beastly Appendage        Tmut           0%         N/A       99%         1
 Pain                     Necr           0%         1d4       99%         1
 Wereblood                Tmut           0%         N/A       100%        2
 Spider Form              Tmut/Pois      0%         N/A       100%        3
 Vampiric Draining        Necr           0%         2d6       100%        3
 Animate Dead             Necr           0%         N/A       100%        4
 Ice Form                 Ice/Tmut       0%         N/A       100%        4
 Agony                    Necr           0%         N/A       100%        5


Dungeon Overview and Level Annotations

Branches:
Dungeon (3/15)

Altars:

Shops:
D:3 (

Annotations:
D:3 Dvallin's ghost, amateur HuMo


Innate Abilities, Weirdness & Mutations

You have a pair of horns on your head.
You reflexively headbutt those who attack you in melee.


Message History

The quasit is almost dead.
The quasit bites you but does no damage.
The quasit claws you but does no damage.
The quasit claws you.
* * * LOW HITPOINT WARNING * * *
The quasit bites you but does no damage.
The quasit barely misses you.
The quasit claws you but does no damage.
The quasit bites you but does no damage.
The quasit claws you but does no damage. x2
You closely miss the quasit.
The quasit is almost dead.
The quasit bites you but does no damage.
The quasit claws you but does no damage. x2
The quasit bites you.
* * * LOW HITPOINT WARNING * * *
The quasit claws you.
* * * LOW HITPOINT WARNING * * *
You feel clumsy.
The quasit claws you but does no damage.
You closely miss the quasit.
The quasit is almost dead.
The quasit bites you but does no damage.
The quasit claws you but does no damage. x2
The quasit bites you but does no damage.
The quasit claws you but does no damage.
The quasit claws you.
* * * LOW HITPOINT WARNING * * *
You feel clumsy.
The quasit bites you but does no damage.
The quasit claws you.
* * * LOW HITPOINT WARNING * * *
The quasit claws you but does no damage.
You hit the quasit.
You kill the quasit!
The quasit bites you.
* * * LOW HITPOINT WARNING * * *
The quasit claws you but does no damage.
The quasit claws you.
You die...

############ #..........#
#..........# ###..........#
#............# ### #.######'#####
..####.######.##########
..............).@5....>#
...###.############†..## ...# #.#
###...###### ...# #.#
##..........#### ...# #.#
##..###©####..... ...# #.#
#..##.###..##### ##)# #.#
#.##..(...#....# # ##.###.#
#.#.$..#...#...##.#
.......########.#..##..#......#.#


You could see a quasit.

Vanquished Creatures
  A quasit (D:3)
  Robin (D:3)
  A gnoll (D:1)
  An adder (D:2)
  A worm (D:2)
  3 dart slugs
  An orc (D:3)
  6 bats
  5 endoplasms
  16 goblins
  14 hobgoblins
  5 jackals
  A quokka (D:1)
  9 ball pythons
  8 kobolds
  4 rats
77 creatures vanquished.

Notes
Turn   | Place    | Note
-------+----------+-------------------------------------------
     0 | D:1      | mordus the Minotaur Fighter began the quest for the Orb.
     0 | D:1      | Reached XP level 1. HP: 19/19 MP: 0/0
    75 | D:1      | Reached XP level 2. HP: 24/26 MP: 1/1
   736 | D:1      | Reached XP level 3. HP: 31/31 MP: 2/2
   835 | D:1      | Found a faded altar of an unknown god.
  1228 | D:2      | Reached XP level 4. HP: 39/39 MP: 3/3
  1979 | D:3      | Noticed Robin
  2012 | D:3      | Killed Robin
  2070 | D:3      | Identified the +2 morningstar of Juxtier {flame, rC+ Will+}
  2437 | D:3      | Found Tazat's Antique Weapon Shop.
  2490 | D:3      | Noticed Dvallin's ghost (amateur HuMo)
  2524 | D:3      | Found a transporter.
  2533 | D:3      | Found a transporter.
  2567 | D:3      | Lost dexterity.
  2575 | D:3      | HP: 1/39 [quasit (1)]
  2575 | D:3      | Slain by a quasit

Illustrated notes

Levels and vault maps discovered:
D:1:      minmay_arrival_stair_chambers, layout_rooms,
          shapermc_ecumenical_altar_hornbeckon
D:2:      layout_loops_cross
D:3:      kennysheep_goblin_castle, layout_basic, serial_shops, shop,
          gammafunk_ghost_stat_death

Skill      XL: |  1  2  3 |
---------------+----------+-----
Polearms       | 3 4 |  4.7
Armour         | 4 |  4.6
Shields        | 4 |  4.5
Fighting       | |  3.6

Action                   |  1- 3 |  4- 6 || total
-------------------------+-------+-------++-------
Melee: Trident           |    88 |   130 ||   218
       Headbutt          |     8 |     9 ||    17
Armor: Scale mail        |    29 |   142 ||   171
Dodge: Dodged            |    20 |    73 ||    93
Block: Kite shield       |    33 |   114 ||   147

Table legend: (Time is in decaauts)
 A = Elapsed time spent in this place.
 B = Non-inter-level travel time spent in this place.
 C = Inter-level travel time spent in this place.
 D = Time resting spent in this place.
 E = Time spent auto-exploring this place.
 F = Levels seen in this place.
 G = Mean time per level.
                   A        B        C        D        E       F      G
               +--------+--------+--------+--------+--------+-----+--------+
         Total |   2654 |   2607 |     47 |    430 |   1673 |   3 |  884.7 |
       Dungeon |   2654 |   2607 |     47 |    430 |   1673 |   3 |  884.7 |
               +--------+--------+--------+--------+--------+-----+--------+

Top non-repeatable levels by time:
     D:3: 1172 daAuts
     D:1: 886 daAuts
     D:2: 596 daAuts
